 Dungeon Crawl Stone Soup version 0.29.0-4-gdea44cf6ec (webtiles) character file.

Game seed: 14854620601201762601

22 qw the Chopper (level 2, -8/17 HPs)
             Began as a Tengu Warper on Aug 28, 2022.
             Mangled by a gnoll
             ... wielding a +0 halberd
              (9 damage)
             ... on level 2 of the Dungeon.
             The game lasted 00:00:04 (879 turns).

qw the Chopper (Tengu Warper)                        Turns: 879, Time: 00:00:04

Health: -8/17      AC:  5    Str: 11    XL:     2   Next: 91%
Magic:  0/6        EV: 10    Int: 13    God:
Gold:   62         SH:  0    Dex: 13    Spells: 5/5 levels left

rFire   . . .      SeeInvis .   Y - +0 hand axe
rCold   . . .      Faith    .   (no shield)
rNeg    . . .      Spirit   +   i - +0 ring mail
rPois   .          Reflect  .   (helmet restricted)
rElec   .          Harm     .   (no cloak)
rCorr   .          Rampage  .   (no gloves)
Will    .....                   (boots unavailable)
Stlth   +.........              d - amulet of guardian spirit
HPRegen 0.05/turn               (no ring)
MPRegen 0.10/turn               (no ring)

@: no status effects
A: beak, talons 3
a: no special abilities


You were on level 2 of the Dungeon.
You visited 1 branch of the dungeon, and saw 2 of its levels.

You collected 62 gold pieces.


Innate Abilities, Weirdness & Mutations

You have a beak for a mouth.
You have claws for feet.


   Skills:
 - Level 2.0 Fighting
 + Level 3.6 Axes
 - Level 1.0 Throwing
 - Level 1.1 Armour
 - Level 2.1 Dodging
 - Level 2.0 Spellcasting
 - Level 2.4 Translocations


You had 5 spell levels left.
You didn't know any spells.
Your spell library contained the following spells:

 Spells                   Type           Power      Damage    Failure   Level
 Blink                    Tloc           14%        N/A       34%         2
 Gell's Gravitas          Tloc           7%         N/A       56%         3
 Lesser Beckoning         Tloc           7%         N/A       56%         3
 Teleport Other           Tloc           7%         N/A       56%         3
 Manifold Assault         Tloc           7%         N/A       99%         5

Inventory:

Hand Weapons
 f - a +0 club
 Y - a +0 hand axe (weapon)
Armour
 i - a +0 ring mail (worn)
Jewellery
 d - an amulet of guardian spirit (around neck)
Scrolls
 a - a scroll of identify
Potions
 b - a potion of lignification {unknown}
 h - a potion of attraction {unknown}
 j - a potion of might {unknown}

Dungeon Overview and Level Annotations

Branches:
Dungeon (2/15)

Altars:


Message History

Found a stone staircase leading down.
There is a stone staircase leading up here.
Existing waypoints: (2) D:1 Assign waypoint to what number? (0-9, D - delete waypoint) Waypoint 1 assigned to D:2.
b - a black potion You now have 62 gold pieces (gained 12). 2 gnolls come into view.
The gnoll shouts! x2
A gnoll comes into view. It is wielding a +0 halberd.
The gnoll moves out of view.
870 ||| Stepping ~*~*~tactically~*~*~ (hiding).
You barely miss the gnoll. You peck the gnoll, but do no damage.
The gnoll hits you with a +0 club.
You completely miss the gnoll. You peck the gnoll, but do no damage.
The gnoll hits you from afar with a +0 spear.
The gnoll barely misses you.
You slash the gnoll! Your kick misses the gnoll.
The gnoll is heavily wounded.
The gnoll closely misses you. The gnoll misses you.
You closely miss the gnoll. You claw the gnoll.
The gnoll is almost dead.
The gnoll hits you but does no damage. The gnoll hits you with a +0 club.
You hit the gnoll.
You kill the gnoll!
The gnoll closely misses you. The gnoll barely misses you.
The gnoll misses you.
You see here a +0 club.
You hit the gnoll.
The gnoll is moderately wounded.
The gnoll hits you with a +0 spear.
The gnoll hits you from afar with a +0 halberd.
The gnoll hits you with a +0 spear. The gnoll completely misses you.
You hit the gnoll.
The gnoll is severely wounded.
The gnoll hits you with a +0 spear.
The gnoll hits you from afar with a +0 halberd!
Ouch! That really hurt!
You die...

# .# ###. #g. #g#
..# #.# #@# ..#
..# #.# ..# #.#
#.# ..# #.# #.#
#.# #.# #.# #.#
#.# #.# #.#
#.#####.#
#<########.......#
[..........#######


You could see 2 gnolls.

Vanquished Creatures
  A gnoll (D:2)
  An endoplasm (D:1)
  3 goblins (D:1)
  A hobgoblin (D:1)
  2 quokkas (D:1)
  3 kobolds (D:1)
11 creatures vanquished.

Notes
Turn   | Place    | Note
-------+----------+-------------------------------------------
     0 | D:1      | qw the Tengu Warper began the quest for the Orb.
     0 | D:1      | Reached XP level 1. HP: 12/12 MP: 4/4
     0 | D:1      | 0 ||| qw: Version: 0.1-a-89-g26bdef1
     0 | D:1      | 0 ||| qw: Game counter: 3002
     0 | D:1      | 0 ||| qw: Always use a shield: true
     0 | D:1      | 0 ||| qw: God list: Okawaru
     0 | D:1      | 0 ||| qw: Allow faded altars: false
     0 | D:1      | 0 ||| qw: Do Orc after D:15 true
     0 | D:1      | 0 ||| qw: Do second Lair branch before Depths: true
     0 | D:1      | 0 ||| qw: Lair rune preference: random
     0 | D:1      | 0 ||| qw: Plans: Normal
     0 | D:1      | 0 ||| PLANNING D:1-11
   361 | D:1      | Reached XP level 2. HP: 12/17 MP: 6/6
   370 | D:1      | Reached skill level 3 in Axes
   795 | D:1      | 795 ||| UPGRADING to +0 ring mail.
   805 | D:1      | 805 ||| DROPPING +0 leather armour.
   806 | D:1      | 806 ||| UPGRADING to amulet of guardian spirit.
   811 | D:1      | 811 ||| READING 3 scrolls labelled TEUN GIOSHEOLY.
   812 | D:1      | 812 ||| READING scroll labelled VAURAO OLOAPHON.
   813 | D:1      | 813 ||| READING 2 scrolls of identify.
   813 | D:1      | 813 ||| IDENTIFYING fuming black potion
   814 | D:1      | 814 ||| DROPPING scroll of blinking.
   815 | D:1      | 815 ||| DROPPING potion of ambrosia.
   870 | D:2      | 870 ||| Stepping ~*~*~tactically~*~*~ (hiding).
   878 | D:2      | HP: 4/17 [gnoll/+0 halberd (4)]
   879 | D:2      | HP: 1/17 [gnoll/+0 spear (1)]
   879 | D:2      | Mangled by a gnoll

Levels and vault maps discovered:
D:1:      mushboom_english_gardens, layout_loops_cross
D:2:      layout_loops_ring

Skill      XL: |  1  2 |
---------------+-------+-----
Axes           | 3 |  3.6
Fighting       | |  2.0
Throwing       | |  1.0
Armour         | |  1.1
Dodging        | |  2.1
Spellcasting   | |  2.0
Translocations | |  2.4

Action                   || total
-------------------------++-------
Melee: Hand axe          ||    28
       Kick              ||     4
       Peck              ||     5
Throw: Boomerang         ||     7
  Use: Scroll            ||     3
Armor: Leather armour    ||     6
       Ring mail         ||     1
Dodge: Dodged            ||    17

Table legend:
 A = Non-vault XP
 B = Vault XP
 C = Vault XP percentage of total XP
 D = Non-vault monster count
 E = Vault monster count
 F = Vault count percentage of total count
                 A         B        C        D         E       F
            +---------+---------+-------+---------+---------+-------
      Total |      32 |       0 |   0.0 |      11 |       0 |   0.0
            +---------+---------+-------+---------+---------+-------
        D:1 |      18 |       0 |   0.0 |      10 |       0 |   0.0
        D:2 |      14 |       0 |   0.0 |       1 |       0 |   0.0
            +---------+---------+-------+---------+---------+-------
